 Dungeon Crawl Stone Soup version bcrawl-1.19.1 (webtiles) character file.

Game seed: 13348757614795309807

192 Revguard the Charmwright (level 5, -1/58 HPs)
             Began as a Demonspawn Skald on Nov 29, 2019.
             Slain by an orc priest
             ... wielding a +0 flail
              (6 damage)
             ... on level 3 of the Dungeon.
             The game lasted 00:05:55 (2402 turns).

Revguard the Charmwright (Demonspawn Skald)         Turns: 2402, Time: 00:05:55

Health: -1/58      AC: 22    Str: 13    XL:     5   Next: 42%
Magic:  5/8        EV:  2    Int: 14    God:
Gold:   124        SH:  0    Dex: 12    Spells: 2/8 levels left

rFire    . . .     SeeInvis .   l - +0 war axe
rCold    . . .     Gourm    .   (no shield)
rNeg     + + +     Faith    .   (armour currently unavailable)
rPois    +         Spirit   .   (helmet currently unavailable)
rElec    .         Reflect  .   (cloak currently unavailable)
rCorr    .         Harm     .   (gloves currently unavailable)
MR       .....     NoTele   +   (boots currently unavailable)
Stlth    +.........             (no amulet)
HPRegen  0.19/turn              (no ring)
MPRegen  0.11/turn              (no ring)

@: lethally poisoned (-1 -> -3), tree-form, infused, singing
A: rot immunity
a: no special abilities


You were on level 3 of the Dungeon.
You were not hungry.
You were a tree.
You visited 1 branch of the dungeon, and saw 3 of its levels.

You collected 124 gold pieces.

Inventory:

Hand Weapons
 l - a +0 war axe (weapon)
Missiles
 m - 92 tomahawks (quivered)
Armour
 b - a +0 leather armour (melded)
 c - a +0 cloak (melded)
Scrolls
 d - a scroll of fear
 e - a scroll of identify {unknown}
 j - a scroll of fog {unknown}
 n - a scroll of blinking {unknown}
Potions
 a - a potion of heal wounds {unknown}
 g - a potion of mutation {unknown}
 i - a potion of lignification
 k - a potion of brilliance {unknown}
Comestibles
 f - 5 rations {!d}


   Skills:
 + Level 2.5 Fighting
 + Level 3.0 Axes
 + Level 1.9 Armour
 + Level 2.4 Dodging
 + Level 2.4 Spellcasting
 + Level 3.1 Charms
 * Level 2.0 Necromancy


You had 2 spell levels left.
You knew the following spells:

 Your Spells              Type           Power        Failure   Level  Hunger
a - Infusion              Chrm           ##......     6%          1    #......
b - Song of Slaying       Chrm           ##......     10%         2    ###....
c - Regeneration          Chrm/Necr      #.........   24%         3    ###....

Your spell library contained the following spells:

 Spells                   Type           Power        Failure   Level  Hunger
 Ozocubu's Armour         Chrm/Ice       #.......     34%         3    ###....
 Spectral Weapon          Hex/Chrm       #.......     34%         3    ###....


Dungeon Overview and Level Annotations

Branches:
Dungeon (3/12)

Altars:
Qazlal

Annotations:
D:3 Natasha


Innate Abilities, Weirdness & Mutations

((You have sharp fingernails.))
((You are partially covered in large bone plates. (SH +4)))
You are immune to rotting.


Message History

You kill the adder!
Your Necromancy skill increases to level 2!
You feel sick.
Natasha casts a spell.
The orc priest calls down the wrath of Beogh upon you.
Beogh smites you!
* * * LOW HITPOINT WARNING * * *
It was a potion of lignification.
You turn into a tree.
Your +0 cloak melds into your body.
Your +0 leather armour melds into your body.
Your roots penetrate the ground.
You hear a shout!
The orc hits you but does no damage.
You completely miss the orc.
You feel sick. The orc hits you but does no damage.
Casting: Infusion (safe; 6% risk of failure)
Confirm with . or Enter, or press ? or * to list all spells.
You extend your infusion's duration.
The orc priest hits you with a +0 flail.
You die...

#)###....>..
<)).÷.#..#
..#####..# #.#
##..# #.# ##...###
..# #..#...## ).#
#.####..#####
#.###.#####5<5.h##
#..........####o♣#
#.....)....# ##o#
#..........# #.#
#..........# #..
#...###...## ##.#
#..## ###... .#
..## ### .# .. ##


You could see an orc priest, Natasha, a white imp, a shadow imp and an orc.

Vanquished Creatures
  A centaur skeleton (D:3)
  An orc wizard (D:3)
  An orc priest (D:3)
  2 adders
  2 oozes (D:2)
  A worm (D:1)
  3 dart slugs
  5 leopard geckos
  7 orcs
  4 bats
  2 goblins
  7 hobgoblins
  7 jackals
  6 kobolds
  2 quokkas (D:2)
  2 frilled lizards (D:2)
  3 rats (D:2)
56 creatures vanquished.

Notes
Turn   | Place    | Note
-------+----------+-------------------------------------------
     0 | D:1      | Revguard the Demonspawn Skald began the quest for the Orb.
     0 | D:1      | Reached XP level 1. HP: 16/16 MP: 3/3
    87 | D:1      | Gained mutation: You are immune to rotting. [demonic
                  | ancestry]
    87 | D:1      | Reached XP level 2. HP: 21/22 MP: 0/5
    95 | D:1      | Reached skill level 1 in Armour
   105 | D:1      | Learned a level 2 spell: Song of Slaying
   795 | D:1      | Gained mutation: You are partially covered in large bone
                  | plates. (SH +4) [demonic ancestry]
   795 | D:1      | Reached XP level 3. HP: 21/27 MP: 0/6
   802 | D:1      | Learned a level 3 spell: Regeneration
  1446 | D:2      | Reached skill level 1 in Necromancy
  1614 | D:2      | Reached XP level 4. HP: 33/33 MP: 7/7
  2018 | D:2      | Found a stormy altar of Qazlal.
  2142 | D:3      | Gained mutation: You have sharp fingernails. [demonic
                  | ancestry]
  2142 | D:3      | Reached XP level 5. HP: 17/39 MP: 3/8
  2397 | D:3      | Noticed Natasha
  2402 | D:3      | Slain by an orc priest

Skill      XL: |  1  2  3  4  5 |
---------------+----------------+-----
Armour         | 1 |  1.9
Dodging        | 2 |  2.4
Charms         | 3 |  3.1
Axes           | 2 3 |  3.0
Necromancy     | 1 2 |  2.0
Fighting       | |  2.5
Spellcasting   | |  2.4

Action                   |  1- 3 |  4- 6 || total
-------------------------+-------+-------++-------
Melee: Hand axe          |   129 |       ||   129
       War axe           |     4 |    50 ||    54
 Cast: Infusion          |     4 |     3 ||     7
       Song of Slaying   |     1 |     2 ||     3
       Regeneration      |     2 |     2 ||     4
  Use: Potion            |       |     1 ||     1
  Eat: Chunk             |     3 |     3 ||     6
Armor: Leather armour    |    44 |     9 ||    53
       Skin              |       |     2 ||     2
Dodge: Dodged            |    85 |    43 ||   128
Block: Other             |    13 |    16 ||    29
